 Dungeon Crawl Stone Soup version 0.31-a0-188-g5e087ee2ca (webtiles) character file.

Game seed: 16163846871776214398

160 qw the Skirmisher (level 5, -3/29 HPs)
             Began as a Deep Elf Hunter on June 22, 2023.
             Killed from afar by Sigmund (5 damage)
             ... with a puff of flame
             ... on level 3 of the Dungeon.
             The game lasted 00:00:40 (1822 turns).

qw the Skirmisher (Deep Elf Hunter)                 Turns: 1822, Time: 00:00:41

Health: -3/29      AC:  8    Str: 10    XL:     5   Next: 17%
Magic:  7/7        EV:  9    Int: 14    God:
Gold:   88         SH:  4    Dex: 18    Spells: 4/4 levels left

rFire   . . .        Y - +2 shortbow
rCold   . . .        (shield currently unavailable)
rNeg    + . .        j - +0 scale mail
rPois   .            (no helmet)
rElec   .            c - +0 cloak
rCorr   .            (no gloves)
SInv    .            f - +0 pair of boots
Will    .....        d - amulet of the acrobat
Stlth   +            i - ring of positive energy
HPRegen 0.24/turn    (no ring)
MPRegen 0.10/turn

%: acrobat
@: no status effects
A: large bone plates 1, MP-powered wands
a: no special abilities


You were on level 3 of the Dungeon.
You visited 1 branch of the dungeon, and saw 3 of its levels.

You collected 88 gold pieces.


Innate Abilities, Weirdness & Mutations

You are partially covered in large bone plates. (SH +4)
You expend magic power (3 MP) to strengthen your wands.


   Skills:
 - Level 1.5 Fighting
 - Level 8.6 Ranged Weapons
 + Level 0.0 Armour
 - Level 2.4 Dodging
 - Level 1.2 Stealth


You had 4 spell levels left.
You didn't know any spells.
Your spell library was empty.

Inventory:

Hand Weapons
 Y - a +2 shortbow (weapon)
Armour
 c - a +0 cloak (worn)
 f - a +0 pair of boots (worn)
 j - a +0 scale mail (worn)
Jewellery
 d - an amulet of the acrobat (around neck)
 i - a ring of positive energy (left hand)
Potions
 a - a potion of haste {unknown}
 b - a potion of brilliance {unknown}
 e - a potion of lignification {unknown}
 g - a potion of enlightenment {unknown}
 k - a potion of mutation

Dungeon Overview and Level Annotations

Branches:
Dungeon (3/15)

Altars:

Annotations:
D:2 1 runed translucent door, Crazy Yiuf
D:3 Sigmund


Message History

You shoot an arrow. The arrow hits the phantom.
The phantom is almost destroyed.
The phantom hits you.
The phantom blinks!
You blink.
The frilled lizard unfolds its giant frill.
The phantom closely misses you.
You shoot an arrow. The arrow hits the phantom!
You destroy the phantom!
Your Ranged Weapons skill increases to level 8!
You have reached level 5!
You shoot an arrow. The arrow hits the giant cockroach.
The giant cockroach is severely wounded.
Something hits you.
The giant cockroach waves its antennae.
The giant cockroach barely misses you.
You shoot an arrow.
The arrow barely misses the giant cockroach.
Something hits you but does no damage. The giant cockroach bites you.
You shoot an arrow. The arrow hits the giant cockroach.
You kill the giant cockroach!
Something hits you but does no damage.
The frilled lizard bites you but does no damage.
You shoot an arrow. The arrow hits the frilled lizard.
The frilled lizard is heavily wounded.
The frilled lizard bites you. Something hits you.
You shoot an arrow.
The arrow closely misses the frilled lizard.
You block the frilled lizard's attack.
You shoot an arrow.
The arrow closely misses the frilled lizard.
Something hits you.
The frilled lizard bites you but does no damage.
The frilled lizard bites you.
You shoot an arrow. The arrow hits the frilled lizard!
You kill the frilled lizard!
Something hits you!
You shoot an arrow.
You hear some strange, mumbled words.
A puff of flame appears from out of thin air!
The puff of flame hits you.
You die...

++### ..#@#
.#####...####
......{.....#
............#
...#.......<#
............#
....%..<....#
..#............
....###.......#


There were no monsters in sight!

Vanquished Creatures
  A phantom (D:3)
  2 adders (D:2)
  2 dart slugs (D:1)
  15 ball pythons
  4 bats
  An endoplasm (D:1)
  A giant cockroach (D:3)
  5 goblins
  6 hobgoblins
  3 jackals (D:2)
  2 quokkas
  4 frilled lizards
  10 kobolds
  5 rats (D:1)
61 creatures vanquished.

Notes
Turn   | Place    | Note
-------+----------+-------------------------------------------
     0 | D:1      | qw the Deep Elf Hunter began the quest for the Orb.
     0 | D:1      | Reached XP level 1. HP: 12/12 MP: 3/3
     0 | D:1      | 0 ||| qw: Version: 0.3-a-9-g12657ce
     0 | D:1      | 0 ||| qw: Game counter: 2988
     0 | D:1      | 0 ||| qw: Always use a shield: true
     0 | D:1      | 0 ||| qw: God list: Okawaru
     0 | D:1      | 0 ||| qw: Allow faded altars: false
     0 | D:1      | 0 ||| qw: Do Orc after D:15 true
     0 | D:1      | 0 ||| qw: Do second Lair branch before Depths: true
     0 | D:1      | 0 ||| qw: Lair rune preference: random
     0 | D:1      | 0 ||| qw: Plans: Normal
     0 | D:1      | 0 ||| PLANNING D:1-11
    52 | D:1      | Reached XP level 2. HP: 16/16 MP: 4/4
    85 | D:1      | Reached skill level 6 in Ranged Weapons
   270 | D:1      | Reached XP level 3. HP: 20/20 MP: 5/5
   749 | D:1      | 749 ||| UPGRADING to +0 pair of boots.
   754 | D:1      | 754 ||| UPGRADING to +0 scale mail.
   764 | D:1      | 764 ||| DROPPING +0 leather armour.
   765 | D:1      | 765 ||| UPGRADING to amulet of the acrobat.
   770 | D:1      | 770 ||| UPGRADING to ring of positive energy.
   771 | D:1      | 771 ||| READING scroll labelled YROETO ZOPUDGHO.
   772 | D:1      | 772 ||| READING scroll labelled ALARRE REKHLE.
   773 | D:1      | 773 ||| DROPPING scroll of butterflies.
   842 | D:2      | Found a runed translucent door.
   843 | D:2      | Noticed Crazy Yiuf
  1070 | D:2      | Reached skill level 7 in Ranged Weapons
  1119 | D:2      | 1119 ||| READING scroll of enchant weapon.
  1119 | D:2      | 1119 ||| ENCHANTING +1 shortbow.
  1178 | D:2      | Found a faded altar of an unknown god.
  1223 | D:2      | Reached XP level 4. HP: 25/25 MP: 6/6
  1622 | D:2      | 1622 ||| UPGRADING to +0 cloak.
  1627 | D:2      | 1627 ||| READING scroll labelled WAGODD HOCWEE.
  1628 | D:2      | 1628 ||| READING scroll labelled GAHALL UFANI.
  1629 | D:2      | 1629 ||| DRINKING 2 emerald potions.
  1629 | D:2      | Gained mutation: You are partially covered in large bone
                  | plates. (SH +4) [potion of mutation]
  1629 | D:2      | Gained mutation: Your magical capacity is low. (-10% MP)
                  | [potion of mutation]
  1629 | D:2      | Lost mutation: Your magical capacity is low. (-10% MP)
                  | [potion of mutation]
  1629 | D:2      | Gained mutation: You expend magic power (3 MP) to
                  | strengthen your wands. [potion of mutation]
  1687 | D:3      | Noticed Sigmund
  1689 | D:3      | Noticed a phantom
  1691 | D:3      | 1691 ||| STAIRDANCE
  1814 | D:3      | Killed a phantom
  1815 | D:3      | Reached skill level 8 in Ranged Weapons
  1815 | D:3      | Reached XP level 5. HP: 23/29 MP: 7/7
  1821 | D:3      | HP: 1/29 [something (7)]
  1822 | D:3      | Killed from afar by Sigmund

Levels and vault maps discovered:
D:1:      onia_arrival_handbag, layout_basic
D:2:      layout_basic, nicolae_ecumenical_snake_handling,
          uniq_crazy_yiuf_cottage
D:3:      layout_rooms, serial_curves, eino_curves_03, eino_curves_03,
          eino_curves_04, st_stairs_8, kennysheep_generic_room_15, uniq_jessica,
          uniq_sigmund

Skill      XL: |  1  2  3  4 |
---------------+-------------+-----
Ranged Weapons | 6 7 8 |  8.6
Fighting       | |  1.5
Dodging        | |  2.4
Stealth        | |  1.2

Action                     |  1- 3 |  4- 6 || total
---------------------------+-------+-------++-------
   Fire: Shortbow          |   117 |    37 ||   154
    Use: Scroll            |     3 |     2 ||     5
         Potion            |       |     1 ||     1
 Armour: Leather armour    |     7 |       ||     7
         Scale mail        |     4 |    19 ||    23
  Dodge: Dodged            |    23 |    16 ||    39
  Block: Other             |       |     5 ||     5

Table legend:
 A = Non-vault XP
 B = Vault XP
 C = Vault XP percentage of total XP
 D = Non-vault monster count
 E = Vault monster count
 F = Vault count percentage of total count
                 A         B        C        D         E       F
            +---------+---------+-------+---------+---------+-------
      Total |     216 |      13 |   5.7 |      51 |      10 |  16.4
            +---------+---------+-------+---------+---------+-------
        D:1 |      49 |       5 |   9.3 |      27 |       4 |  12.9
        D:2 |      63 |       7 |  10.0 |      21 |       5 |  19.2
        D:3 |     104 |       1 |   1.0 |       3 |       1 |  25.0
            +---------+---------+-------+---------+---------+-------
